 Dungeon Crawl Stone Soup version 0.25.0-10-g039870ee82 (console) character file.

Game seed: 5002963260150551495

72 bli the Insei (level 4, -4/31 HPs)
             Began as an Octopode Monk on June 22, 2020.
             Slain by a gnoll
             ... wielding a +0 halberd
              (6 damage)
             ... on level 2 of the Dungeon.
             The game lasted 00:03:57 (1627 turns).

bli the Insei (Octopode Monk)                       Turns: 1627, Time: 00:03:59

Health: -4/31      AC:  1    Str: 11    XL:     4   Next: 25%
Magic:  4/4        EV: 15    Int: 12    God:
Gold:   55         SH:  0    Dex: 14    Spells: 3/3 levels left

rFire    . . .     SeeInvis .     - Unarmed
rCold    . . .     Gourm    .   (no shield)
rNeg     . . .     Faith    .   (helmet restricted)
rPois    .         Spirit   .   f - amulet of inaccuracy (curse)
rElec    .         Reflect  .   d - ring of protection from magic
rCorr    .         Harm     .   (no ring)
MR       +....                  (no ring)
Stlth    +++.......             (no ring)
HPRegen  0.10/turn              (no ring)
MPRegen  0.09/turn              (no ring)
                                (no ring)
                                (no ring)

@: no status effects
A: almost no armour, stealthy swim, amphibious, 8 rings, constrict 8, camouflage
1, gelatinous body 1
a: no special abilities


You were on level 2 of the Dungeon.
You were not hungry.

You visited 1 branch of the dungeon, and saw 2 of its levels.

You collected 55 gold pieces.

Inventory:

Jewellery
 d - a ring of protection from magic (left tentacle)
 f - a cursed amulet of inaccuracy (around mantle)
Potions
 c - a potion of degeneration {unknown}
 e - a potion of curing
 g - a potion of brilliance {unknown}
Comestibles
 a - 3 rations
 b - 8 chunks of flesh


   Skills:
 * Level 3.4 Fighting
 * Level 3.6 Dodging
 + Level 3.2 Stealth
 * Level 3.9 Unarmed Combat


You had 3 spell levels left.
You didn't know any spells.
Your spell library was empty.

Dungeon Overview and Level Annotations

Branches:
Dungeon (2/15)

Altars:
Makhleb
Xom


Innate Abilities, Weirdness & Mutations

You cannot wear most types of armour.
You are very stealthy in the water. (Stealth+)
You are amphibious.
You can wear up to eight rings at the same time.
You can use your tentacles to constrict eight enemies at once.
Your skin changes colour to match your surroundings (Stealth+).
Your rubbery body absorbs attacks. (AC +1, EV +1)


Message History

3 gnolls come into view.
The gnoll shouts! x3
A gnoll comes into view. It is wielding a +0 spear.
The gnoll hits you from afar with a +0 spear!
The gnoll shouts!
The gnoll closely misses you.
The gnoll hits you from afar with a +0 halberd!
The gnoll barely misses you.
You barely miss the gnoll. You grab the gnoll.
You constrict the gnoll, but do no damage.
The gnoll hits you with a +0 spear!
* * * LOW HITPOINT WARNING * * *
The gnoll misses you.
You barely miss the gnoll. You grab the gnoll. You tentacle-slap the gnoll.
The gnoll is lightly wounded.
You constrict the gnoll. x2
The gnoll struggles to escape constriction.
The gnoll completely misses you.
The gnoll hits you from afar with a +0 halberd.
You die...

##........#
#####...####..#
#.............#
#.###...#####.#
##.## #.# #.# #
####.# #.#....#
#####.#.####
......g...##
#####..@...#
###g#..#
#g#.....
#g##.###. #..
.. ### ..# ..


You could see 4 gnolls.

Vanquished Creatures
  Robin (D:1)
  An adder (D:2)
  A gnoll (D:1)
  A dart slug (D:1)
  A leopard gecko (D:1)
  5 goblins
  10 hobgoblins
  3 bats
  2 frilled lizards (D:1)
  6 kobolds
  9 rats
40 creatures vanquished.

Notes
Turn   | Place    | Note
-------+----------+-------------------------------------------
     0 | D:1      | bli the Octopode Monk began the quest for the Orb.
     0 | D:1      | Reached XP level 1. HP: 16/16 MP: 1/1
    57 | D:1      | Reached XP level 2. HP: 15/21 MP: 2/2
   577 | D:1      | Reached XP level 3. HP: 26/26 MP: 3/3
   968 | D:2      | Noticed Robin
  1253 | D:1      | Killed Robin
  1433 | D:2      | Found a burning altar of Makhleb.
  1440 | D:2      | Found a shimmering altar of Xom.
  1490 | D:2      | Reached XP level 4. HP: 31/31 MP: 4/4
  1627 | D:2      | Slain by a gnoll

Illustrated notes

Levels and vault maps discovered:
D:1:      wander_arrival_desolate, layout_loops_ring
D:2:      layout_loops_ring, amethyst_overflow_temple_binary, uniq_robin

Skill      XL: |  1  2  3 |
---------------+----------+-----
Stealth        | 3 |  3.2
Fighting       | |  3.4
Dodging        | |  3.6
Unarmed Combat | |  3.9

Action                   |  1- 3 |  4- 6 || total
-------------------------+-------+-------++-------
Melee: Unarmed           |    72 |    14 ||    86
       Constrict         |    18 |     6 ||    24
       Tentacles         |    13 |     2 ||    15
       Punch             |     2 |     1 ||     3
  Use: Scroll            |     1 |       ||     1
 Stab: Sleeping          |     8 |     4 ||    12
  Eat: Chunk             |     2 |       ||     2
Armor: Skin              |     1 |       ||     1
Dodge: Dodged            |    37 |    11 ||    48
